 Dungeon Crawl Stone Soup version 0.20.0-7-g3b7b877 (webtiles) character file.

59 greprep the Covered (level 3, -1/33 HPs)
             Began as a Minotaur Fighter on May 29, 2017.
             Engulfed by a cloud of flame (22 damage)
             ... on level 2 of the Dungeon.
             The game lasted 00:03:46 (1320 turns).

greprep the Covered (Minotaur Fighter)              Turns: 1320, Time: 00:03:46

Health: -1/33      AC:  7    Str: 21    XL:     3   Next: 78%
Magic:  2/2        EV:  8    Int:  5    God:
Gold:   35         SH:  9    Dex:  9    Spells: 2/2 levels left

rFire    . . .     SeeInvis .   a - +0 long sword
rCold    . . .     Gourm    .   c - +0 shield
rNeg     . . .     Faith    .   b - +0 scale mail
rPois    .         Spirit   .   (helmet restricted)
rElec    .         Reflect  .   (no cloak)
rCorr    .         Harm     .   (no gloves)
MR       +....                  (no boots)
Stlth    ..........             (no amulet)
Regen    0.2/turn               h - ring of protection from magic
MPRegen  0.1/turn               (no ring)

@: no status effects
A: retaliatory headbutt, horns 2
a: no special abilities


You were on level 2 of the Dungeon.
You were not hungry.

You visited 1 branch of the dungeon, and saw 2 of its levels.

You collected 35 gold pieces.

Inventory:

Hand Weapons
 a - a +0 long sword (weapon)
Armour
 b - a +0 scale mail (worn)
 c - a +0 shield (worn)
Jewellery
 h - a ring of protection from magic (left hand)
Scrolls
 g - 2 scrolls of identify
 k - a scroll of fear
Potions
 d - a potion of might
 e - 2 potions of curing
 i - a potion of flight {unknown}
 l - a potion of agility
Comestibles
 f - a bread ration
 j - 2 royal jellies


   Skills:
 + Level 4.0 Fighting
 + Level 2.9 Long Blades
 * Level 4.5 Armour
 * Level 1.0 Dodging
 * Level 4.1 Shields


You had 2 spell levels left.
You didn't know any spells.

Dungeon Overview and Level Annotations

Branches:
Dungeon (2/15)

Altars:
Qazlal


Innate Abilities, Weirdness & Mutations

You reflexively headbutt those who attack you in melee.
You have a pair of horns on your head.


Message History

It was a scroll of remove curse.
You remove your amulet of inaccuracy.
You drop an uncursed amulet of inaccuracy.
The frilled lizard bites you but does no damage.
You closely miss the frilled lizard. The frilled lizard barely misses you.
You closely miss the frilled lizard.
Your headbutt misses the frilled lizard.
You block the frilled lizard's attack.
Your shield prevents you from hitting the frilled lizard.
The frilled lizard bites you but does no damage.
You block the frilled lizard's attack.
You closely miss the frilled lizard.
Your headbutt misses the frilled lizard.
The frilled lizard bites you but does no damage.
You closely miss the frilled lizard. You block the frilled lizard's attack.
You hit the frilled lizard.
The frilled lizard explodes!
The fiery explosion engulfs you!
You are engulfed in blazing flames.
Ouch! That really hurt!
You die...

#...# ######.###.# #...#.##<#
#.# #.# ### #[..#.##.# #.# #.#
..# #...#.##.# #.# #.. ##.#
#...#.##.# #.# #.. #..#
#...#.##.# #.# ##.
#..######......#.# #.#....
#..#...§§§.....#.# #.#.###
#......§§@.....#.###.# #
########..####§###..).#...#.##
......."..#.<#.# #....###....#
♣ ########.##.##.#
#...........# ♣
#........##.##.# #....###....#
#.<............# #....###....#
#.......###.#### #...........#
........# #.# ########....#
....)...# #.# #.###...#####


There were no monsters in sight!

Vanquished Creatures
  A gnoll (D:1)
  5 dart slugs
  A leopard gecko (D:1)
  4 bats
  2 giant cockroaches (D:1)
  5 goblins
  4 hobgoblins
  2 jackals (D:2)
  4 kobolds
  A quokka (D:1)
  4 frilled lizards
  4 rats
37 creatures vanquished.

Notes
Turn   | Place    | Note
-------+----------+-------------------------------------------
     0 | D:1      | greprep the Minotaur Fighter began the quest for the Orb.
     0 | D:1      | Reached XP level 1. HP: 19/19 MP: 0/0
    36 | D:1      | Reached XP level 2. HP: 26/27 MP: 1/1
   311 | D:1      | Reached XP level 3. HP: 33/33 MP: 2/2
   463 | D:1      | Reached skill level 1 in Dodging
   578 | D:2      | Found a stormy altar of Qazlal.
  1320 | D:2      | Engulfed by a cloud of flame

Skill      XL: |  1  2  3 |
---------------+----------+-----
Armour         | 4 |  4.5
Shields        | 4 |  4.1
Dodging        | 1 |  1.0
Fighting       | 4 |  4.0
Long Blades    | |  2.9

Action                   || total
-------------------------++-------
Melee: Long sword        ||   114
       Headbutt          ||    11
  Use: Scroll            ||     5
       Potion            ||     2
  Eat: Bread ration      ||     1
Armor: Scale mail        ||    47
Dodge: Dodged            ||    38
Block: Shield            ||    79
       Rpst.: Long sword ||    13
